 Dungeon Crawl Stone Soup version 0.18.1-6-gd335043 (webtiles) character file.

14 lightmor the Ruffian (level 2, -1/25 HPs)
             Began as a Naga Transmuter on May 17, 2016.
             Slain by a jackal (2 damage)
             ... on level 1 of the Dungeon.
             The game lasted 00:01:45 (503 turns).

lightmor the Ruffian (Naga Transmuter)               Turns: 503, Time: 00:01:45

Health: -1/25      AC:  1    Str: 12    XL:     2   Next: 45%
Magic:  3/5        EV:  5    Int: 13    God:
Gold:   6          SH:  0    Dex: 11    Spells: 2 memorised, 2 levels left

rFire  . . .     SeeInvis +       - Unarmed
rCold  . . .     Gourm    .     b - +0 robe
rNeg   . . .     Faith    .     (no shield)
rPois  +         Spirit   .     (no helmet)
rElec  .         Dismiss  .     (no cloak)
rCorr  .         Reflect  .     (no gloves)
SustAt .         Harm     .     (no barding)
MR     .....                    (no amulet)
Stlth  +.........               (no ring)
                                (no ring)

@: very slow, not resistant to hostile enchantments, very unstealthy
A: see invisible, deformed body, poison resistance, slowness 2, slow metabolism
1, spit poison 2, AC +0
a: Spit Poison


You were on level 1 of the Dungeon.
You were not hungry.

You visited 1 branch of the dungeon, and saw 1 of its levels.

You collected 6 gold pieces.

Inventory:

Missiles
 a - 10 arrows
Armour
 b - a +0 robe (worn)
Books
 c - a book of Changes

   Spells                             Type                      Level
   a - Beastly Appendage              Transmutation                1
   b - Sticks to Snakes               Transmutation                2
   c - Spider Form                    Transmutation/Poison         3
   d - Ice Form                       Ice/Transmutation            4
   e - Blade Hands                    Transmutation                5
Comestibles
 d - a bread ration
 f - 5 fruits
 g - 3 chunks of flesh


   Skills:
 - Level 1.0 Fighting
 - Level 1.5 Dodging
 * Level 3.8 Unarmed Combat
 - Level 2.0 Spellcasting
 - Level 2.0 Transmutations


You had 2 spell levels left.
You knew the following spells:

 Your Spells              Type           Power        Failure   Level  Hunger
a - Beastly Appendage     Trmt           #.....       12%         1    ##.....
b - Sticks to Snakes      Trmt           #.......     17%         2    ###....


Dungeon Overview and Level Annotations

Branches:
Dungeon (1/15)

Altars:


Innate Abilities, Weirdness & Mutations

You cannot wear boots.
Your serpentine skin is tough (AC +0).
You have supernaturally acute eyesight.
Armour fits poorly on your strangely shaped body.
Your system is resistant to poisons.
You cover ground very slowly.
You have a slow metabolism.
You can spit poison.


Message History

The jackal closely misses you. The jackal closely misses you.
The jackal bites you.
* * * LOW HITPOINT WARNING * * *
The jackal closely misses you.
You aren't carrying any potions.
You aren't carrying any potions.
Read which item? (? for menu, Esc to quit)
Okay, then.
The bat hits you.
* * * LOW HITPOINT WARNING * * *
The bat hits you but does no damage. x2
The kobold hits you but does no damage. The bat closely misses you.
The jackal closely misses you. The bat barely misses you.
The jackal misses you. The bat completely misses you.
The jackal closely misses you.
There is a stone staircase leading down here.
The bat hits you but does no damage. The jackal bites you.
* * * LOW HITPOINT WARNING * * *
The jackal barely misses you. The jackal bites you.
You die...

...........#.##...#
..............)...# . .
.........#.#.##...# ....
.........+...##...#.....
.........##.r..........#
.........##............#
........##gK..........#
#####.........lhbh.#+###...#
...............#@..+ ...#
...............#...# ...
...................## .
#.........#............
#...!...............(...
#.......................
........................
#.......................
........................


You could see 2 jackals, a hobgoblin, a bat, a kobold, a giant newt and a rat.

Vanquished Creatures
  A dart slug (D:1)
  2 giant geckos (D:1)
  2 bats (D:1)
  A giant cockroach (D:1)
  A goblin (D:1)
  2 kobolds (D:1)
  A rat (D:1)
10 creatures vanquished.

Notes
Turn   | Place    | Note
--------------------------------------------------------------
     0 | D:1      | lightmor the Naga Transmuter began the quest for the Orb.
     0 | D:1      | Reached XP level 1. HP: 18/18 MP: 3/3
   153 | D:1      | Reached XP level 2. HP: 25/25 MP: 5/5
   192 | D:1      | Learned a level 2 spell: Sticks to Snakes
   503 | D:1      | HP: 1/25 [jackal (3)]
   503 | D:1      | Slain by a jackal

Action                   || total
-------------------------++-------
Melee: Unarmed           ||    24
 Cast: Sticks to Snakes  ||     2
 Abil: Spit Poison       ||     8
Armor: Robe              ||    14
Dodge: Dodged            ||    37
